 Dungeon Crawl Stone Soup version 0.19.0-20-gbc5f0c6 (webtiles) character file.

126 Stormphoenix the Skirmisher (level 4, -2/38 HPs)
             Began as a Demonspawn Gladiator on Nov 17, 2016.
             Slain by an orc
             ... wielding a +0 trident
              (3 damage)
             ... on level 3 of the Dungeon.
             The game lasted 00:04:36 (2234 turns).

Stormphoenix the Skirmisher (Demonspawn Gladiator)  Turns: 2234, Time: 00:04:37

Health: -2/38      AC:  5    Str: 14 (16) XL:     4   Next: 84%
Magic:  4/4        EV: 12    Int:  9 (10) God:
Gold:   93         SH:  0    Dex: 13      Spells: 0 memorised, 3 levels left

rFire  . . .     SeeInvis .     a - +0 trident
rCold  . . .     Gourm    .     b - +0 leather armour
rNeg   . . .     Faith    .     (no shield)
rPois  .         Spirit   .     c - +1 helmet
rElec  .         Reflect  .     (no cloak)
rCorr  .         Harm     .     (no gloves)
MR     .....                    (no boots)
Stlth  +.........               k - amulet of inaccuracy (curse)
                                (no ring)
                                (no ring)

@: no status effects
A: claws 2
a: no special abilities


You were on level 3 of the Dungeon.
You were not hungry.

You visited 1 branch of the dungeon, and saw 3 of its levels.

You collected 93 gold pieces.

Inventory:

Hand Weapons
 a - a +0 trident (weapon)
Missiles
 d - 3 throwing nets (quivered)
Armour
 b - a +0 leather armour (worn)
 c - a +1 helmet (worn)
Jewellery
 k - a cursed amulet of inaccuracy (around neck)
Potions
 i - a potion of ambrosia
 j - 2 potions of mutation {unknown}
 m - a potion of curing {unknown}
Comestibles
 f - 2 bread rations
 g - 2 slices of pizza
 h - 2 meat rations
 l - 4 chunks of flesh


   Skills:
 + Level 4.6 Fighting
 - Level 3.3 Polearms
 - Level 1.7 Throwing
 - Level 2.6 Dodging


You had 3 spell levels left.
You didn't know any spells.

Dungeon Overview and Level Annotations

Branches:
Dungeon (3/15)

Altars:
Elyvilon
Gozag

Shops:
D:2 *


Innate Abilities, Weirdness & Mutations

You have very sharp fingernails.


Message History

Things that are here:
a mace; a ring mail The orc hits you with a trident!
* * * LOW HITPOINT WARNING * * *
The orc closely misses you.
You barely miss the orc. The orc barely misses you.
You hit the orc.
The orc is severely wounded.
The orc closely misses you.
You completely miss the orc.
The orc is severely wounded.
The orc hits you with a trident.
* * * LOW HITPOINT WARNING * * *
You hit the orc but do no damage.
The orc is severely wounded.
The orc hits you with a trident.
* * * LOW HITPOINT WARNING * * *
It was a potion of magic.
Magic courses through your body. The orc hits you with a trident.
You die...

### #.#
###########)#######
######.....)...o.......#
.#..............@.......
........................
#......########.##.....<
#.(....### ##..# #.....
##.#.....# #..... .....
#.#.##..##...##.. .#...
#.#.##.......##... #..
#.#.###........ ..
#.#.###.#....##


You could see an orc.

Vanquished Creatures
  A hound (D:3)
  An ooze (D:1)
  3 worms (D:2)
  5 dart slugs
  3 leopard geckos
  3 orcs (D:3)
  3 giant cockroaches
  10 goblins
  8 hobgoblins
  11 kobolds
  8 bats
  2 frilled lizards (D:2)
  4 rats
62 creatures vanquished.

Notes
Turn   | Place    | Note
-------+----------+-------------------------------------------
     0 | D:1      | Stormphoenix the Demonspawn Gladiator began the quest for the Orb.
     0 | D:1      | Reached XP level 1. HP: 16/16 MP: 1/1
    60 | D:1      | Gained mutation: You have sharp fingernails. [demonic ancestry]
    60 | D:1      | Reached XP level 2. HP: 12/22 MP: 2/2
   544 | D:1      | Gained mutation: You have very sharp fingernails. [demonic ancestry]
   544 | D:1      | Reached XP level 3. HP: 20/28 MP: 3/3
   708 | D:1      | Reached skill level 3 in Fighting
  1152 | D:2      | Reached XP level 4. HP: 37/37 MP: 4/4
  1172 | D:2      | Found an opulent altar of Gozag.
  1393 | D:2      | Found Gozag's Platinum Reserve.
  1547 | D:2      | Found a white marble altar of Elyvilon.
  1574 | D:2      | Reached skill level 4 in Fighting
  2233 | D:3      | HP: 1/38 [orc/trident (4)]
  2234 | D:3      | Slain by an orc

Skill      XL: |  1  2  3  4 |
---------------+-------------+-----
Polearms       | 3 |  3.3
Fighting       | 3 4 |  4.6
Throwing       | |  1.7
Dodging        | |  2.6

Action                   |  1- 3 |  4- 6 || total
-------------------------+-------+-------++-------
Melee: Trident           |   154 |   100 ||   254
  Use: Scroll            |     5 |     2 ||     7
       Potion            |     3 |     1 ||     4
  Eat: Chunk             |     1 |     4 ||     5
Armor: Leather armour    |    43 |    24 ||    67
Dodge: Dodged            |   104 |    75 ||   179
